 Dungeon Crawl Stone Soup version 0.28-a0-1312-g71652a0310 (webtiles) character file.

Game seed: 7668178269567759333

21 frimble the Grasshopper (level 2, -1/22 HPs)
             Began as a Demonspawn Warper on Dec 28, 2021.
             Slain by Natasha (7 damage)
             ... on level 2 of the Dungeon.
             The game lasted 00:02:15 (1472 turns).

frimble the Grasshopper (Demonspawn Warper)         Turns: 1472, Time: 00:02:16

Health: -1/22      AC:  3    Str: 11    XL:     2   Next: 62%
Magic:  5/5        EV: 12    Int: 14    God:
Gold:   35         SH:  0    Dex: 12    Spells: 5/5 levels left

rFire   . . .      SeeInvis .   a - +0 falchion
rCold   . . .      Faith    .   (no shield)
rNeg    . . .      Spirit   .   b - +0 leather armour
rPois   .          Reflect  .   (no helmet)
rElec   .          Harm     .   (no cloak)
rCorr   .          Rampage  .   (no gloves)
Will    .....                   (no boots)
Stlth   +.........              (no amulet)
HPRegen 0.07/turn               (no ring)
MPRegen 0.09/turn               (no ring)

@: hasted, very quick
A: demonic magic 1
a: no special abilities


You were on level 2 of the Dungeon.
You visited 1 branch of the dungeon, and saw 2 of its levels.

You collected 35 gold pieces.

Inventory:

Hand Weapons
 a - a +0 falchion (weapon)
Missiles
 d - 5 boomerangs of dispersal (quivered)
Armour
 b - a +0 leather armour (worn)
Scrolls
 c - a scroll of blinking
Potions
 e - 2 potions of mutation
 f - a potion of haste
 g - a potion of attraction {unknown}
 h - a potion of ambrosia {unknown}


   Skills:
 - Level 2.0 Fighting
 + Level 2.3 Long Blades
 - Level 0.8 Throwing
 - Level 0.8 Armour
 + Level 2.4 Dodging
 - Level 2.0 Spellcasting
 - Level 2.7 Translocations


You had 5 spell levels left.
You didn't know any spells.
Your spell library contained the following spells:

 Spells                   Type           Power      Damage    Failure   Level
 Blink                    Tloc           16%        N/A       16%         2
 Gell's Gravitas          Tloc           8%         N/A       30%         3
 Lesser Beckoning         Tloc           8%         N/A       30%         3
 Teleport Other           Tloc           8%         N/A       30%         3
 Manifold Assault         Tloc           8%         N/A       96%         5


Dungeon Overview and Level Annotations

Branches:
Dungeon (2/15)

Altars:

Annotations:
D:2 Natasha


Innate Abilities, Weirdness & Mutations

Spells you cast may paralyse adjacent enemies.


Message History

f - 2 potions of haste You hit the ball python.
The ball python is moderately wounded.
Your surroundings suddenly seem different.
Natasha hisses angrily.
Natasha casts a spell at you. You resist with significant effort.
You feel yourself speed up.
Natasha stares at you and mumbles some strange words.
The magic dart hits you!
You are too injured to fight recklessly!
You are too injured to fight recklessly!
You are too injured to fight recklessly!
You are too injured to fight recklessly!
You are too injured to fight recklessly!
You are too injured to fight recklessly!
You are too injured to fight recklessly!
You are too injured to fight recklessly!
You barely miss Natasha. Natasha closely misses you.
You closely miss Natasha.
Natasha casts a spell.
You hit Natasha.
Natasha is lightly wounded.
You slash Natasha!
Natasha is severely wounded.
Natasha closely misses you.
The crimson imp blinks!
You closely miss Natasha.
Natasha is severely wounded.
Natasha claws you.
The crimson imp blinks!
You hit Natasha but do no damage.
Natasha is severely wounded.
Natasha claws you.
* * * LOW HITPOINT WARNING * * *
You barely miss Natasha.
Natasha is severely wounded.
Natasha mumbles some strange words.
You closely miss Natasha.
Natasha is severely wounded.
Natasha claws you!
You die...

#..............
###......5.......
.....................
#...................
#....................
#........(..........
#........?.........
#.....@h#..........
###.....##...5.....
#..##5##.........
#..##.##......... #
##.....†........#
##.##.##.###.######.
##.....##.# #.######..
#.........# #.........
##
...#.##.#..###..######.
..


You could see Natasha and 2 crimson imps.

Vanquished Creatures
  3 giant cockroaches (D:1)
  A goblin (D:1)
  A hobgoblin (D:1)
  3 jackals (D:2)
  A ball python (D:1)
  4 bats
  4 kobolds (D:1)
  A rat (D:1)
18 creatures vanquished.

Notes
Turn   | Place    | Note
-------+----------+-------------------------------------------
     0 | D:1      | frimble the Demonspawn Warper began the quest for the Orb.
     0 | D:1      | Reached XP level 1. HP: 16/16 MP: 3/3
   351 | D:1      | Gained mutation: Spells you cast may paralyse adjacent
                  | enemies. [demonic ancestry]
   351 | D:1      | Reached XP level 2. HP: 8/22 MP: 5/5
   950 | D:2      | Noticed Natasha
   954 | D:2      | Noticed a crimson imp
  1467 | D:2      | Noticed a crimson imp
  1472 | D:2      | Noticed a crimson imp
  1472 | D:2      | Slain by Natasha

Illustrated notes

Levels and vault maps discovered:
D:1:      mrwooster_arrival_statue, layout_basic,
          hangedman_abyss_or_decor_lesser_grid, minmay_split_cup_large
D:2:      layout_rooms, minivault_26, uniq_natasha

Skill      XL: |  1 |
---------------+----+-----
Dodging        | 2 |  2.4
Long Blades    | 2 |  2.3
Fighting       | |  2.0
Throwing       | |  0.8
Armour         | |  0.8
Spellcasting   | |  2.0
Translocations | |  2.7

Action                   || total
-------------------------++-------
Melee: Falchion          ||    76
  Use: Scroll            ||     3
       Potion            ||     1
 Stab: Sleeping          ||     1
Armor: Leather armour    ||    45
Dodge: Dodged            ||    63

Table legend: (Time is in decaauts)
 A = Elapsed time spent in this place.
 B = Non-inter-level travel time spent in this place.
 C = Inter-level travel time spent in this place.
 D = Time resting spent in this place.
 E = Time spent auto-exploring this place.
 F = Levels seen in this place.
 G = Mean time per level.
                   A        B        C        D        E       F      G
               +--------+--------+--------+--------+--------+-----+--------+
         Total |   1487 |   1428 |     59 |      0 |   1234 |   2 |  743.5 |
       Dungeon |   1487 |   1428 |     59 |      0 |   1234 |   2 |  743.5 |
               +--------+--------+--------+--------+--------+-----+--------+

Top non-repeatable levels by time:
     D:1: 1289 daAuts
     D:2: 198 daAuts
